 Dungeon Crawl Stone Soup version 0.28.0 (webtiles) character file.

Game seed: 8299897780678399338

69 bande the Skirmisher (level 4, -7/29 HPs)
             Began as a Gargoyle Fighter on Feb 16, 2022.
             Mangled by Sigmund (10 damage)
             ... on level 3 of the Dungeon.
             The game lasted 00:01:58 (1828 turns).

bande the Skirmisher (Gargoyle Fighter)             Turns: 1828, Time: 00:01:58

Health: -7/29      AC: 10    Str: 20    XL:     4   Next: 20%
Magic:  4/4        EV:  9    Int:  8    God:
Gold:   124        SH:  4    Dex: 11    Spells: 3/3 levels left

rFire   . . .      SeeInvis .   a - +0 war axe
rCold   . . .      Faith    .   c - +0 buckler
rNeg    + . .      Spirit   .   b - +0 scale mail
rPois   ∞          Reflect  .   (no helmet)
rElec   +          Harm     .   (no cloak)
rCorr   .          Rampage  .   (no gloves)
Will    .....                   (no boots)
Stlth   ..........              (no amulet)
HPRegen 0.09/turn               (no ring)
MPRegen 0.09/turn               (no ring)

@: no status effects
A: sickness immunity, AC +3, negative energy resistance 1, electricity
resistance, torment resistance 1, petrification resistance
a: no special abilities


You were on level 3 of the Dungeon.
You visited 1 branch of the dungeon, and saw 3 of its levels.

You collected 124 gold pieces.

Inventory:

Hand Weapons
 a - a +0 war axe (weapon)
Armour
 b - a +0 scale mail (worn)
 c - a +0 buckler (worn)
Jewellery
 j - a ring of fire
Scrolls
 h - 3 scrolls of teleportation
 m - a scroll of blinking {unknown}
Potions
 d - a potion of might
 e - 2 potions of curing {unknown}
 f - a potion of brilliance {unknown}
 g - a potion of ambrosia {unknown}
 i - a potion of heal wounds {unknown}
 k - 2 potions of lignification {unknown}
 l - a potion of mutation {unknown}


   Skills:
 + Level 4.0 Fighting
 + Level 3.0 Axes
 + Level 3.6 Armour
 + Level 3.5 Shields


You had 3 spell levels left.
You didn't know any spells.
Your spell library was empty.

Dungeon Overview and Level Annotations

Branches:
Dungeon (3/15)

Altars:
Makhleb

Annotations:
D:3 Sigmund


Innate Abilities, Weirdness & Mutations

You are immune to sickness and miasma.
Your stone body is resilient. (AC +3)
You are immune to poison.
You resist negative energy. (rN+)
You are resistant to electric shocks. (rElec)
You are resistant to unholy torment.
You are immune to petrification.


Message History

You closely miss something.
You hear some strange, mumbled words.
You are confused.
Something hits you but does no damage.
You bump into the rock wall.
Something hits you but does no damage.
You hear some strange, mumbled words.
Something tries to affect you, but you resist.
You miss something. Something hits you but does no damage.
You miss something.
You hear some strange, mumbled words.
You are more confused.
You bump into the rock wall.
Something hits you but does no damage.
You barely miss something.
You hear some strange, mumbled words.
A puff of flame appears from out of thin air!
The puff of flame misses you.
You bump into the rock wall.
Something hits you but does no damage.
You bump into the rock wall.
You miss something. Something hits you. Something hits you but does no damage.
You feel less confused. Something hits you.
You closely miss something. Something hits you.
You completely miss something. Something hits you.
* * * LOW HITPOINT WARNING * * *
You miss something. Something hits you.
* * * LOW HITPOINT WARNING * * *
You miss something. You barely miss something.
You hear some strange, mumbled words.
You are confused.
Something hits you.
* * * LOW HITPOINT WARNING * * *
You barely miss something. Something hits you but does no damage.
You miss something. Something hits you but does no damage.
You miss something.
You feel less confused. Something hits you!
You die...

.#.# #.#.# .#.# #.#.##
##.# #....# #.# ###..#
##.# #..# ##.#####..# #
.#........# ..#
.<####....##########...##
..'.........[...@.{......
..####....##########...##
.## ##.#.# ## ## ###.# #
####.# #...<# #.#### #.#
###


There were no monsters in sight!

Vanquished Creatures
  An adder (D:2)
  2 dart slugs
  8 ball pythons
  3 bats
  3 endoplasms
  A giant cockroach (D:1)
  7 goblins
  5 hobgoblins (D:1)
  9 jackals (D:1)
  2 frilled lizards (D:1)
  3 kobolds
  2 rats (D:1)
46 creatures vanquished.

Notes
Turn   | Place    | Note
-------+----------+-------------------------------------------
     0 | D:1      | bande the Gargoyle Fighter began the quest for the Orb.
     0 | D:1      | Reached XP level 1. HP: 14/14 MP: 1/1
    99 | D:1      | Reached XP level 2. HP: 17/20 MP: 2/2
   444 | D:1      | Reached XP level 3. HP: 19/24 MP: 3/3
   805 | D:1      | Found a faded altar of an unknown god.
  1158 | D:2      | Found a burning altar of Makhleb.
  1372 | D:2      | Reached XP level 4. HP: 25/29 MP: 4/4
  1505 | D:2      | Reached skill level 4 in Fighting
  1802 | D:3      | Noticed Sigmund
  1828 | D:3      | Mangled by Sigmund

Illustrated notes

Levels and vault maps discovered:
D:1:      ncdulo_watergridlock, layout_loops_ring,
          dreamdust_ecumenical_altar_angels_and_demons, minmay_close_crescents
D:2:      layout_loops_ring, basic_altar
D:3:      layout_loops_corners, nicolae_overflow_hallway_of_the_gods,
          uniq_sigmund

Skill      XL: |  1  2  3  4 |
---------------+-------------+-----
Axes           | 2 3 |  3.0
Fighting       | 4 |  4.0
Armour         | |  3.6
Shields        | |  3.5

Action                   |  1- 3 |  4- 6 || total
-------------------------+-------+-------++-------
Melee: War axe           |    89 |    28 ||   117
  Use: Scroll            |     2 |       ||     2
Armor: Scale mail        |    64 |    26 ||    90
Dodge: Dodged            |    54 |     9 ||    63
Block: Buckler           |    19 |     3 ||    22
